 Dungeon Crawl Stone Soup version 0.26-a0-812-g31a745ddcd (webtiles) character file.

Game seed: 12214719476138859707

103 BuddyBo the Sneak (level 4, -1/27 HPs)
             Began as an Octopode Fire Elementalist on Nov 28, 2020.
             Was a Follower of Nemelex Xobeh.
             Slain by Robin
             ... wielding a +4 short sword of venom
              (6 damage)
             ... on level 3 of the Dungeon.
             The game lasted 00:05:30 (3844 turns).

BuddyBo the Sneak (Octopode Fire Elementalist)      Turns: 3844, Time: 00:05:32

Health: -1/27      AC:  1    Str:  7    XL:     4   Next: 79%
Magic:  5/7        EV: 13    Int: 18    God:    Nemelex Xobeh [*.....]
Gold:   105        SH:  0    Dex: 12    Spells: 7/8 levels left

rFire    . . .     SeeInvis .   d - +0 club
rCold    . . .     Faith    .   (no shield)
rNeg     . . .     Spirit   .   (helmet restricted)
rPois    .         Reflect  .   (no amulet)
rElec    .         Harm     .   (no ring)
rCorr    .         Rampage  .   (no ring)
MR       .....                  (no ring)
Stlth    ++++......             (no ring)
HPRegen  0.09/turn              (no ring)
MPRegen  0.10/turn              (no ring)
                                (no ring)
                                (no ring)

@: lethally poisoned (-1 -> -33)
A: almost no armour, stealthy swim, amphibious, 8 rings, constrict 8, camouflage
1, gelatinous body 1
a: Draw Escape, Draw Destruction, Draw Summoning, Renounce Religion


You were on level 3 of the Dungeon.
You worshipped Nemelex Xobeh.
Nemelex Xobeh was aware of your devotion.
You visited 1 branch of the dungeon, and saw 3 of its levels.

You collected 105 gold pieces.

Inventory:

Hand Weapons
 d - a +0 club (weapon)
Scrolls
 a - a scroll of enchant armour {unknown}
 b - 3 scrolls of identify {unknown}
 e - a scroll of noise {unknown}
Potions
 c - a potion of invisibility {unknown}
 f - 2 potions of curing {unknown}
 g - a potion of resistance {unknown}


   Skills:
 + Level 0.1 Fighting
 + Level 0.1 Maces & Flails
 + Level 2.2 Dodging
 + Level 4.2 Stealth
 + Level 2.6 Spellcasting
 + Level 2.0 Conjurations
 + Level 3.6 Fire Magic


You had 7 spell levels left.
You knew the following spells:

 Your Spells              Type           Power        Failure   Level
a - Foxfire               Conj/Fire      ##..         5%          1

Your spell library contained the following spells:

 Spells                   Type           Power        Failure   Level
 Conjure Flame            Conj/Fire      ##......     16%         3
 Inner Flame              Hex/Fire       #.......     24%         3
 Sticky Flame             Conj/Fire      ##......     45%         4
 Fireball                 Conj/Fire      ##........   82%         5


Dungeon Overview and Level Annotations

Branches:
Dungeon (3/15)

Altars:
Nemelex Xobeh
Uskayaw
Yredelemnul

Annotations:
D:3 Robin


Innate Abilities, Weirdness & Mutations

You cannot wear most types of armour.
You are very stealthy in the water. (Stealth+)
You are amphibious.
You can wear up to eight rings at the same time.
You can use your tentacles to constrict eight enemies at once.
Your skin changes colour to match your surroundings (Stealth+).
Your rubbery body absorbs attacks. (AC +1, EV +1)


Message History

You see here a poisoned dart.
Found 9 gold pieces.
Items here: ))) ?.
Casting: Foxfire (safe; 5% risk of failure)
Confirm with . or Enter, or press ? or * to list all spells.
You conjure some foxfire!
Robin hits you with a +4 short sword of venom!
You are lethally poisoned!
You feel sick.
Robin hits you with a +4 short sword of venom!
* * * LOW HITPOINT WARNING * * *
You are more poisoned.
Casting: Foxfire (safe; 5% risk of failure)
Confirm with . or Enter, or press ? or * to list all spells.
You conjure some foxfire!
* * * LOW HITPOINT WARNING * * *
You feel sick.
Robin hits you with a +4 short sword of venom.
You die...
Your body disappears without a glow.

## .. ##. ###
#...##v###
#..)v@v..#
#...g#v#(....
#....#.#......
#....#.. .....
#....####.....
#.... ....
#?..# ....
#.$.


You could see Robin.

Vanquished Creatures
  3 adders (D:2)
  An ooze (D:1)
  A worm (D:2)
  2 dart slugs (D:1)
  A leopard gecko (D:1)
  6 giant cockroaches
  13 goblins
  11 hobgoblins
  7 bats
  5 frilled lizards
  7 kobolds
  3 rats
60 creatures vanquished.

Vanquished Creatures (others)
  233 foxfires
233 creatures vanquished.

Grand Total: 293 creatures vanquished

Notes
Turn   | Place    | Note
-------+----------+-------------------------------------------
     0 | D:1      | BuddyBo the Octopode Fire Elementalist began the quest for
                  | the Orb.
     0 | D:1      | Reached XP level 1. HP: 11/11 MP: 3/3
    45 | D:1      | Reached skill level 3 in Stealth
   348 | D:1      | Reached XP level 2. HP: 17/17 MP: 1/5
   913 | D:1      | Reached XP level 3. HP: 21/21 MP: 2/6
  1440 | D:2      | Found a basalt altar of Yredelemnul.
  1981 | D:2      | Reached XP level 4. HP: 27/27 MP: 2/7
  2182 | D:2      | Reached skill level 4 in Stealth
  2361 | D:2      | Found a faded altar of an unknown god.
  2368 | D:2      | Became a worshipper of Nemelex Xobeh the Trickster
  2368 | D:2      | Reached * piety under Nemelex Xobeh
  2395 | D:2      | Noticed a -3 dagger
  2396 | D:2      | Noticed a +0 hand axe
  2397 | D:2      | Found a hide-covered altar of Uskayaw.
  3069 | D:3      | Noticed Robin
  3844 | D:3      | Slain by Robin

Illustrated notes

Levels and vault maps discovered:
D:1:      lemuel_arrival_tunnels, layout_rooms, minmay_misc_feat_secret_circle
D:2:      layout_loops_cross, old_standard_altar, dancing_weapons_uskayaw,
          chequers_ecumenical_altar_simple_redux
D:3:      layout_basic, grunt_temple_overflow_gold_and_silver,
          gammafunk_temple_overflow_elements, gammafunk_ghost_smash, uniq_robin,
          uniq_terence

Skill      XL: |  1  2  3  4 |
---------------+-------------+-----
Stealth        | 3 4 |  4.2
Conjurations   | 2 |  2.0
Fighting       | |  0.1
Maces & Flails | |  0.1
Dodging        | |  2.2
Spellcasting   | |  2.6
Fire Magic     | |  3.6

Action                   |  1- 3 |  4- 6 || total
-------------------------+-------+-------++-------
Melee: Unarmed           |     6 |       ||     6
       Tentacles         |     4 |     1 ||     5
       Constrict         |     3 |     1 ||     4
       Club              |     3 |     3 ||     6
 Cast: Foxfire           |    77 |    76 ||   153
  Use: Potion            |       |     1 ||     1
Armor: Skin              |     1 |     6 ||     7
Dodge: Dodged            |    34 |    35 ||    69

Table legend: (Time is in decaauts)
 A = Elapsed time spent in this place.
 B = Non-inter-level travel time spent in this place.
 C = Inter-level travel time spent in this place.
 D = Time resting spent in this place.
 E = Time spent auto-exploring this place.
 F = Levels seen in this place.
 G = Mean time per level.
                   A        B        C        D        E       F      G
               +--------+--------+--------+--------+--------+-----+--------+
         Total |   3853 |   3814 |     39 |   1348 |   1921 |   3 | 1284.3 |
       Dungeon |   3853 |   3814 |     39 |   1348 |   1921 |   3 | 1284.3 |
               +--------+--------+--------+--------+--------+-----+--------+

Top non-repeatable levels by time:
     D:2: 2376 daAuts
     D:1: 1435 daAuts
     D:3: 42 daAuts
